 Dungeon Crawl Stone Soup version 0.28-a0-422-gd71735cc25 (webtiles) character file.

Game seed: 10113453002511411468

1131 heikuro the Slasher (level 8, -2/63 HPs)
             Began as a Formicid Fighter on Sept 9, 2021.
             Was a Follower of Uskayaw.
             Slain by a steam dragon (9 damage)
             ... on level 6 of the Dungeon.
             The game lasted 00:09:13 (5904 turns).

heikuro the Slasher (Formicid Fighter)              Turns: 5904, Time: 00:09:13

Health: -2/63      AC: 11    Str: 22    XL:     8   Next: 62%
Magic:  10/10      EV:  9    Int:  9    God:    Uskayaw [*.....]
Gold:   283        SH:  6    Dex: 16    Spells: 7/7 levels left

rFire   . . .      SeeInvis +   a - +0 long sword
rCold   . . .      Faith    .   c - +0 buckler
rNeg    . . .      Spirit   .   b - +0 scale mail
rPois   .          Reflect  .   (helmet unavailable)
rElec   .          Harm     .   m - +0 cloak
rCorr   .          Rampage  .   f - +0 pair of gloves
Will    .....                   l - +0 pair of boots
Stlth   ..........              (no amulet)
HPRegen 0.20/turn               q - +6 ring of dexterity
MPRegen 0.12/turn               (no ring)

@: no status effects
A: permanent stasis, dig shafts and tunnels, antennae 3, four strong arms
a: Dig, Shaft Self, Renounce Religion, Stomp


You were on level 6 of the Dungeon.
You worshipped Uskayaw.
Uskayaw was noncommittal.
You visited 2 branches of the dungeon, and saw 7 of its levels.

You collected 283 gold pieces.

Inventory:

Hand Weapons
 a - a +0 long sword (weapon)
Missiles
 k - 16 poisoned darts
Armour
 b - a +0 scale mail (worn)
 c - a +0 buckler (worn)
 f - a +0 pair of gloves (worn)
 l - a +0 pair of boots (worn)
 m - a +0 cloak (worn)
Jewellery
 q - a +6 ring of dexterity (left hand)
Wands
 o - a wand of mindburst (22)
 t - a wand of flame (10)
 u - a wand of iceblast (8)
Scrolls
 d - 2 scrolls of noise {unknown}
 e - 2 scrolls of identify
 h - a scroll of fear {unknown}
 i - a scroll of acquirement {unknown}
 n - 2 scrolls of teleportation {unknown}
 p - a scroll of amnesia {unknown}
 r - a scroll of magic mapping {unknown}
 v - a scroll of immolation {unknown}
Potions
 g - a potion of brilliance
 j - a potion of resistance
 s - 3 potions of might
 w - a potion of attraction


   Skills:
 + Level 5.4 Fighting
 * Level 6.1 Long Blades
 + Level 5.5 Armour
 + Level 6.0 Shields
 + Level 3.5 Invocations


You had 7 spell levels left.
You didn't know any spells.
Your spell library contained the following spells:

 Spells                   Type           Power      Damage    Failure   Level
 Magic Dart               Conj           0%         1d3       69%         1
 Sandblast                Erth           0%         2d4       69%         1
 Shock                    Conj/Air       0%         1d3       69%         1
 Call Imp                 Summ           0%         N/A       83%         2
 Ensorcelled Hibernation  Hex/Ice        0%         N/A       83%         2
 Passwall                 Tmut/Erth      0%         N/A       83%         2
 Searing Ray              Conj           0%         2d4       83%         2
 Mephitic Cloud           Conj/Pois/Air  0%         N/A       96%         3
 Spider Form              Tmut/Pois      0%         N/A       96%         3
 Stone Arrow              Conj/Erth      0%         3d7       96%         3
 Airstrike                Air            0%         N/A       100%        4
 Fulminant Prism          Conj/Hex       0%         3d6       100%        4
 Invisibility             Hex            0%         N/A       100%        6
 Swiftness                Air            Unusable   N/A       N/A         3

Dungeon Overview and Level Annotations

Branches:
Dungeon (6/15)             Temple (1/1) D:4

Altars:
Ashenzari
Dithmenos
Elyvilon
Gozag
Hepliaklqana
Kikubaaqudgha
Nemelex Xobeh
Okawaru
Ru
Sif Muna
Uskayaw
Vehumet
Wu Jian
Yredelemnul
Jiyva

Shops:
D:5 :


Innate Abilities, Weirdness & Mutations

You cannot be hasted, slowed, berserked, paralysed or teleported.
You can dig through walls and to a lower floor.
You have a pair of large antennae on your head. (SInv)
Your four strong arms can wield two-handed weapons with a shield.


Message History

The steam dragon hisses angrily.
The steam dragon bites you but does no damage.
The steam dragon claws you but does no damage.
There is a stone staircase leading up here.
You barely miss the steam dragon. The steam dragon breathes steam at you.
The ball of steam hits you!
You hear a shout!
You hit the steam dragon.
The steam dragon is lightly wounded.
You are engulfed in a cloud of scalding steam.
The steam dragon breathes steam at you. The ball of steam misses you.
You can now stomp with the beat.
You hit the steam dragon but do no damage.
The steam dragon is lightly wounded.
You are engulfed in a cloud of scalding steam.
The steam dragon bites you but does no damage.
The steam dragon claws you.
You hit the steam dragon.
The steam dragon is moderately wounded.
You are engulfed in a cloud of scalding steam.
You block the steam dragon's attack. The steam dragon closely misses you.
You barely miss the steam dragon.
The steam dragon is moderately wounded.
A water moccasin comes into view.
You block the steam dragon's attack.
The steam dragon claws you but does no damage.
The water moccasin hisses angrily.
You slash the steam dragon!
The steam dragon is heavily wounded.
The steam dragon breathes steam at you. The ball of steam hits you!!
* * * LOW HITPOINT WARNING * * *
You slash the steam dragon!
The steam dragon is almost dead.
You are engulfed in a cloud of scalding steam.
* * * LOW HITPOINT WARNING * * *
The steam dragon bites you!
You die...

#........
.........
#.......
##.....#
#.....#
##....#
...##..D.#
#......@#
##.....##
##....
##..# #.S
#.# #. {
..


You could see a steam dragon (catching breath) and a water moccasin.

Vanquished Creatures
  Sigmund (D:4)
  A black bear (D:4)
  An ogre (D:4)
  A phantom (D:4)
  A bullfrog (D:3)
  A water moccasin skeleton (D:5)
  A howler monkey (D:4)
  A bullfrog zombie (D:5)
  2 bullfrog skeletons (D:5)
  4 orc priests
  A centaur skeleton (D:5)
  2 iguanas
  4 orc wizards
  A hound zombie (D:5)
  A hound skeleton (D:4)
  A gnoll (D:6)
  6 adders
  A shadow imp (D:5)
  An ufetubus (D:5)
  An adder skeleton (D:4)
  3 dart slugs
  6 orcs
  3 ball pythons
  6 endoplasms
  2 giant cockroaches
  3 goblins
  5 hobgoblins
  8 jackals
  3 quokkas
  5 bats
  4 kobolds
  3 rats
84 creatures vanquished.

Notes
Turn   | Place    | Note
-------+----------+-------------------------------------------
     0 | D:1      | heikuro the Formicid Fighter began the quest for the Orb.
     0 | D:1      | Reached XP level 1. HP: 18/18 MP: 1/1
   134 | D:1      | Found a faded altar of an unknown god.
   137 | D:1      | Reached XP level 2. HP: 21/24 MP: 2/2
   819 | D:2      | Reached XP level 3. HP: 28/29 MP: 3/3
  1698 | D:2      | Reached XP level 4. HP: 16/37 MP: 4/4
  2219 | D:2      | Reached XP level 5. HP: 39/42 MP: 5/5
  2287 | D:3      | Found a hide-covered altar of Uskayaw.
  2289 | D:3      | Noticed a +0 dagger
  2290 | D:3      | Noticed a +0 hand axe
  2298 | D:3      | Became a worshipper of Uskayaw the Reveller
  2353 | D:3      | Reached * piety under Uskayaw
  2355 | D:3      | Reached ** piety under Uskayaw
  2364 | D:3      | Reached *** piety under Uskayaw
  2478 | D:3      | Noticed a bullfrog
  2489 | D:3      | Killed a bullfrog
  2490 | D:3      | Reached XP level 6. HP: 43/48 MP: 6/6
  2761 | D:4      | Reached skill level 1 in Invocations
  2770 | D:4      | Noticed a black bear
  2787 | D:4      | Killed a black bear
  2788 | D:4      | Reached skill level 5 in Shields
  2788 | D:4      | Reached XP level 7. HP: 16/55 MP: 2/8
  3057 | D:4      | Identified the +1 leather armour of the Present {Harm
                  | Regen+ Int+2}
  3255 | D:4      | Noticed Sigmund
  3272 | D:4      | Killed Sigmund
  3273 | D:4      | Reached skill level 5 in Long Blades
  3348 | D:4      | Found a broken altar of Ashenzari.
  3548 | D:4      | Found a staircase to the Ecumenical Temple.
  3554 | Temple   | Entered the Ecumenical Temple
  3832 | D:4      | Reached skill level 5 in Fighting
  3832 | D:4      | Reached skill level 5 in Armour
  3832 | D:4      | Reached XP level 8. HP: 11/62 MP: 9/9
  4130 | D:4      | Found a broken altar of Ashenzari.
  4309 | D:4      | Found a staircase to the Ecumenical Temple.
  4353 | D:5      | Entered Level 5 of the Dungeon
  4617 | D:5      | Found Zadgh's Book Emporium.
  4659 | D:5      | Found a sacrificial altar of Ru.
  5201 | D:5      | Found an ancient bone altar of Kikubaaqudgha.
  5264 | D:5      | Found the +3 crown of Dyrovepreva {rElec Int+2 SInv}
  5292 | D:5      | Found a sparkling altar of Nemelex Xobeh.
  5904 | D:6      | Slain by a steam dragon

Illustrated notes

Levels and vault maps discovered:
D:1:      zelgadis_glass_arrival_small, layout_basic,
          dreamdust_ecumenical_altar_statues
D:2:      layout_basic
D:3:      layout_rooms, dancing_weapons_uskayaw
D:4:      layout_rooms, mainiacjoe_overflow_tiny_flanked,
          minmay_temple_entry_enclosed_plants, uniq_sigmund
D:5:      layout_basic, lemuel_coloured_pillars_altar,
          mainiacjoe_overflow_alcove_1, nicolae_ru_great_annihilating_truth,
          serial_shops, shop, minmay_between
D:6:      layout_cave_pods, uniq_blork_the_orc
Temple:   pf_slime_end_temple

Skill      XL: |  1  2  3  4  5  6  7  8 |
---------------+-------------------------+-----
Shields        | 4 5 6 |  6.0
Long Blades    | 3 4 5 6 |  6.1
Fighting       | 4 5 |  5.4
Armour         | 4 5 |  5.5
Invocations    | 1 2 3 |  3.5

Action                   |  1- 3 |  4- 6 |  7- 9 || total
-------------------------+-------+-------+-------++-------
Melee: Long sword        |    60 |    96 |   150 ||   306
Invok: Stomp             |       |     1 |     3 ||     4
       Line Pass         |       |     1 |       ||     1
 Abil: Dig               |       |     1 |     1 ||     2
  Use: Potion            |       |     1 |       ||     1
       Scroll            |       |       |     5 ||     5
 Stab: Paralysed         |       |     1 |     2 ||     3
Armor: Scale mail        |    26 |    58 |    73 ||   157
Dodge: Dodged            |    35 |    43 |    70 ||   148
Block: Buckler           |    19 |    28 |    34 ||    81

Table legend: (Time is in decaauts)
 A = Elapsed time spent in this place.
 B = Non-inter-level travel time spent in this place.
 C = Inter-level travel time spent in this place.
 D = Time resting spent in this place.
 E = Time spent auto-exploring this place.
 F = Levels seen in this place.
 G = Mean time per level.
                   A        B        C        D        E       F      G
               +--------+--------+--------+--------+--------+-----+--------+
         Total |   5972 |   5672 |    300 |   1820 |   2734 |   7 |  853.1 |
       Dungeon |   5813 |   5532 |    281 |   1820 |   2607 |   6 |  968.8 |
        Temple |    158 |    139 |     19 |      0 |    127 |   1 |  158.0 |
               +--------+--------+--------+--------+--------+-----+--------+

Top non-repeatable levels by time:
     D:5: 1446 daAuts
     D:2: 1393 daAuts
     D:4: 1374 daAuts
     D:1: 819 daAuts
     D:3: 682 daAuts
  Temple: 158 daAuts
     D:6: 96 daAuts
